Unix NetHack Version 5.0.0-0 post-release - last build May  4 2026 22:22:43 (774f63e81ad911689b3a0859ea89b322d5daca8d,branch:main).

Game began 2026-05-10 02:20:17, ended 2026-05-10 02:41:12.

Brudee, neutral female human Tourist

                     --------------------------------------- ----
                     |.00............*.....................|--..---
                     |.-.----------------#----------------.||.....|
  ---             ----............0......................|.|---.|.|       ----
 --.---           |...0|.------------......-------------.|.|  --|.| -------<.--
 |....--- ------ --.--.|.|...|...|..|......|...|...|...|.|.|    |.|--.....)...|
--......---.|..---..||.|.|...|...|.........|...|...|...|0#.|--- |.--....---..--
|........|.........--|.#.|...|...|..|......|.......|...|.|.--.--|.....|.| |.--
--...............-----.|.--.---+-----......--.--...|...|.|......--.--.|.|--.|
 |.......--............|.......................--|---.--.|..............|...|
 --......--.......----.|.........{........{..............|.|...---.....-|.---
  --.............--|...|...........--..0--..%..--+---.--.|.|-..--|.---.-|.|
   |.............|--...|.--.------.|.....|0----|...|...|.|.--....|.| |..|.|
  --....|.......---....|.|0...|..|.|.[...|.|...|...|...|.|.........| ---|.|
  |....---......--.....|.|.0..|....|.@_..|.+...|...|...|.|.........|   --.|
  |....|-..............|.|....|..|.|..`..|.|...|.......|.|.|..-...--   |..|
  |.---|..---.......--.|.---------.-------.-------------.|0|......|    |..--
  ---  |..| |.>.....||.#.................................|.|....---    ---.|
       ---- |......--|.----------#------------#-----------.|-----        ---
            ---.---- |.....................................|
              ---    ---------------------------------------
Brudee the Sightseer        St:9 Dx:13 Co:18 In:11 Wi:7 Ch:17  Neutral
Dlvl:7  $:827 HP:0(50) Pw:16(16) AC:9  Xp:5/238 T:2171  Satiated Blind

Latest messages:
 Baneagorai of Zogul wields a trident!
 The cave spider turns to flee.
 The cave spider turns to flee.
 The goblin misses the cave spider.
 Uzabane of Zogul turns to flee.
 Baneagorai of Zogul turns to flee.
 Ogrukog of Zogul breathes poison gas!
 Uzabane of Zogul is killed by the blast of poison gas!
 The blast of poison gas hits you!
 You are enveloped in a cloud of noxious gas!
 The blast of poison gas misses the cave spider.
 Your eyes sting.
 Something is burning your lungs!
 You cough and spit blood!
 It bites!
 You can see again.
 Your eyes sting.
 Something is burning your lungs!
 You cough and spit blood!
 It bites!
 You can see again.
 Your eyes sting.
 Something is burning your lungs!
 You cough and spit blood!
 What do you want to drink? [iqu or ?*] ?
 You feel much better.
 You can see again.
 Baneagorai of Zogul thrusts her trident.
 Baneagorai of Zogul hits!
 Your eyes sting.
 Something is burning your lungs!
 You cough and spit blood!
 There is a poison gas cloud here.
 You try to feel what is lying here on the floor.
 Something is engraved here on the floor.
 You feel the words: "Elbereth".
 You feel here a knife.
 You can see again.
 Your eyes sting.
 Something is burning your lungs!
 You cough and spit blood!
 What do you want to zap? [oJ or ?*] ?
 In what direction? <esc>
 It bites!
 The blast of poison gas hits you!
 You hear the howling of the CwnAnnwn...
 The blast of poison gas hits you!
 You die...
 Do you want your possessions identified? [ynq] (y) y
 Do you want to see your attributes? [ynq] (y) q

Inventory:
 Coins    ('$')
  $ - 827 gold pieces
 Weapons  (')')
  a - 18 +2 darts (at the ready)
  p - 7 +0 shuriken
  B - a +1 orcish dagger
  N - a +0 long sword
  E - a +0 morning star
 Armor    ('[')
  C - an uncursed +0 orcish helm
  D - an uncursed +0 pair of jumping boots (being worn)
  l - an uncursed +0 Hawaiian shirt with a palm tree motif (being worn)
 Comestibles  ('%')
  d - an uncursed slime mold
  s - an uncursed candy bar labeled "Nilla Crunchie"
  y - an uncursed cram ration
  e - 2 uncursed food rations
  L - an uncursed lembas wafer
  f - 2 uncursed pancakes
  g - an uncursed tripe ration
  c - an uncursed tin of soup made from jackal meat
  b - an uncursed tin of spinach
  h - 2 uncursed eggs
 Scrolls  ('?')
  r - 2 uncursed scrolls of confuse monster
  A - an uncursed scroll of create monster
  K - an uncursed scroll of enchant weapon
  t - 2 uncursed scrolls of identify
  k - a blessed scroll of magic mapping
  j - an uncursed scroll of magic mapping
 Spellbooks  ('+')
  H - an uncursed spellbook of protection
  v - an uncursed spellbook of restore ability
 Potions  ('!')
  q - 2 uncursed potions of healing
  u - a potion of holy water
 Rings    ('=')
  I - an uncursed ring of stealth
  z - an uncursed ring of teleport control
 Wands    ('/')
  o - a wand of digging (0:2)
  J - a wand of polymorph (0:1)
 Tools    ('(')
  n - an uncursed credit card
  m - an expensive camera (0:68)
  O - a blessed oil lamp (wielded)
  M - an uncursed tin whistle
 Gems/Stones  ('*')
  P - an uncursed jacinth stone
  w - 2 uncursed worthless pieces of red glass
  x - an uncursed worthless piece of white glass

Brudee the Tourist's attributes:

Background:
 You were a Sightseer, a level 5 female human Tourist.
 You were neutral, on a mission for The Lady
 who was opposed by Blind Io (lawful) and Offler (chaotic).
 You were right-handed.
 You were in the Gnomish Mines, on level 7.
 You entered the dungeon 2171 turns ago.
 It was nighttime.
 You had 238 experience points, 82 more were needed to attain level 6.

Basics:
 You had 0 out of 50 hit points.
 You had all 16 energy points (spell power).
 Your armor class was 9.
 Your wallet contained 827 zorkmids.
 Autopickup was on for '$"?+!=/' plus thrown.

Final Characteristics:
 Your strength was 9 (limit:18/100).
 Your dexterity was 13 (limit:18).
 Your constitution was 18 (limit:18).
 Your intelligence was 11 (limit:18).
 Your wisdom was 7 (limit:18).
 Your charisma was 17 (limit:18).

Final Status:
 You were temporarily blind.
 You were satiated.
 You were unencumbered.
 You were wielding a tool.

Final Attributes:
 You were piously aligned.
 You could jump.
 You are dead.

Miscellaneous:
 You didn't encounter any bones levels.
 Total elapsed playing time was 20 minutes and 54 seconds.

Major events:
 Turn
    1: Brudee the neutral female human Tourist entered the dungeon
  530: attained the rank of Sightseer (level 3)
 1654: entered the Gnomish Mines
 1948: reached Mine Town
 2171: killed by a poisoned blast

Spells:
 Name                 Level Category     Fail Retention
 restore ability        4   healing      100%  76%-100%

Skills:
 Fighting Skills
   bare handed combat [Unskilled]
   two weapon combat  [Unskilled]
   riding             [Unskilled]
 Weapon Skills
   dagger             [Unskilled]
   knife              [Unskilled]
   axe                [Unskilled]
   pick-axe           [Unskilled]
   short sword        [Unskilled]
   broadsword         [Unskilled]
   long sword         [Unskilled]
   two-handed sword   [Unskilled]
   saber              [Unskilled]
   mace               [Unskilled]
   morning star       [Unskilled]
   flail              [Unskilled]
   hammer             [Unskilled]
   quarterstaff       [Unskilled]
   polearms           [Unskilled]
   spear              [Unskilled]
   trident            [Unskilled]
   lance              [Unskilled]
   bow                [Unskilled]
   sling              [Unskilled]
   crossbow           [Unskilled]
   dart               [Basic]
   shuriken           [Unskilled]
   boomerang          [Unskilled]
   whip               [Unskilled]
   unicorn horn       [Unskilled]
 Spellcasting Skills
   divination spells  [Unskilled]
   enchantment spells [Unskilled]
   escape spells      [Unskilled]

Voluntary challenges:
 Character rerolling was not enabled.
 You never genocided any monsters.
 You never changed form.
 You used no wishes.
Achievements:
 You attained the rank of Sightseer.
 You entered the Gnomish Mines.
 You entered Minetown.

 The Dungeons of Doom: levels 1 to 5
    Level 1:
       An altar, a fountain, a grave.
    Level 2:
       A fountain, a grave.
    Level 3:
       An altar to The Lady, some fountains.
    Level 4:
       A fountain, a sink.
       Stairs down to The Gnomish Mines.
    Level 5:
 The Gnomish Mines: levels 5 to 7
    Level 5:
    Level 6:
    Level 7: <- You were here.
       An altar, some fountains.
       Final resting place for
          you, killed by a poisoned blast.


Vanquished creatures:
  a gnome leader
  a gnomish wizard
  2 elf zombies
  2 dwarves
  2 kobold leaders
  a kobold shaman
  4 hill orcs
  3 iguanas
 an acid blob
  2 giant rats
  a brown mold
  a yellow mold
  a red mold
 12 gnomes
  2 geckos
  2 jackals
  3 foxes
  a kobold
  4 goblins
  2 grid bugs
  4 lichens
  a kobold zombie
  3 newts
56 creatures vanquished.

No species were genocided or became extinct.

Game over:
                       ----------
                      /          \
                     /    REST    \
                    /      IN      \
                   /     PEACE      \
                  /                  \
                  |      Brudee      |
                  |      827 Au      |
                  |   killed by a    |
                  |  poisoned blast  |
                  |                  |
                  |                  |
                  |       2026       |
                 *|     *  *  *      | *
        _________)/\\_//(\/(/\)/\//\/|_)_______

Aloha Brudee the Tourist...

You died in The Gnomish Mines on dungeon level 7 with 1455 points,
and 827 pieces of gold, after 2171 moves.
You were level 5 with a maximum of 50 hit points when you died.

